 Dungeon Crawl Stone Soup version 0.31.0-32-g396128a36d (webtiles) character file.

Game seed: 17793408886468314664

8574 PaiMei the Merchant of Misery (level 11, -4/86 HPs)
             Began as a Demonspawn Necromancer on Apr 4, 2024.
             Was a Believer of Kikubaaqudgha.
             Shot with an arrow by a centaur (8 damage)
             ... on level 11 of the Dungeon.
             The game lasted 00:23:26 (12668 turns).

PaiMei the Merchant of Misery (DsNe)               Turns: 12668, Time: 00:23:27

Health: -4/86      AC: 15    Str:  8    XL:     11   Next: 11%
Magic:  22/23      EV: 15    Int: 25    God:    Kikubaaqudgha [**....]
Gold:   628        SH:  0    Dex: 14    Spells: 13/26 levels left

rFire   + . .        C - +2 demon blade (elec)
rCold   + + +        (no shield)
rNeg    + + .        H - +1 leather armour {rC+}
rPois   +            t - +0 helmet
rElec   .            h - +2 ratskin cloak {*Rats rPois rN+ Str-1 Int-1 Dex+1}
rCorr   +            q - +0 pair of gloves
SInv    .            u - +1 pair of boots
Will    +....        (no amulet)
Stlth   ++           r - ring of protection from fire
HPRegen 0.34/turn    N - ring "Asaurr" {rPois rC++ rN+ Will+ Int+6}
MPRegen 0.18/turn

%: no passive effects
@: studying Staves
A: yellow scales 3, spiny 1, demonic magic 2, weakness stinger 1
a: Renounce Religion, Unearth Wretches


You were on level 11 of the Dungeon.
You worshipped Kikubaaqudgha.
Kikubaaqudgha was pleased with you.
You visited 2 branches of the dungeon, and saw 12 of its levels.
You also visited: Bailey.

You collected 628 gold pieces.

Inventory:

Hand Weapons
 n - a +3 spear of flaming
 y - a +2 short sword of speed
 C - a +2 demon blade of electrocution (weapon)
 L - a +4 scimitar
 Q - a +2 spear of freezing
Missiles
 i - 25 poisoned darts (quivered)
Armour
 h - the +2 ratskin cloak (worn) {*Rats rPois rN+ Str-1 Int-1 Dex+1}
   (You found it on level 2 of the Dungeon)

   *Rats:     When the wearer is hurt, rats may emerge from it to assist them.
   Str-1:     It affects your strength (-1).
   Int-1:     It affects your intelligence (-1).
   Dex+1:     It affects your dexterity (+1).
   rPois:     It protects you from poison rN+: It protects you from negative
   energy.
 q - a +0 pair of gloves (worn)
 t - a +0 helmet (worn)
 u - a +1 pair of boots (worn)
 H - a +1 leather armour of cold resistance (worn)
 K - a +0 kite shield
 S - the +3 hat of Pondering {ponderous, Will+ MP+10 Int+5}
   (You found it in a bailey)

   Int+5:     It affects your intelligence (+5).
   Will+:     It increases your willpower.
   MP+10:     It affects your magic capacity (+10).
 T - the scarf of Tartarus {shadows, *Corrode rPois Str+8}
   (You found it in a bailey)

   Str+8:     It affects your strength (+8).
   rPois:     It protects you from poison *Corrode: It may corrode you when you
   take damage.
 V - a +3 ring mail of willpower
 X - a +4 scale mail of fire resistance
Jewellery
 d - a +5 ring of evasion
 l - a ring of ice
 r - a ring of protection from fire (left hand)
 M - a ring of flight
 N - the ring "Asaurr" (right hand) {rPois rC++ rN+ Will+ Int+6}
   (You found it on level 8 of the Dungeon)

   [ring of intelligence]

   Int+6:     It affects your intelligence (+6).
   rC++:      It greatly protects you from cold.
   rPois:     It protects you from poison rN+: It protects you from negative
   energy.
   Will+:     It increases your willpower.
 P - a ring of poison resistance
Wands
 a - a wand of roots (11)
 v - a wand of mindburst (15)
 D - a wand of polymorph (8)
 I - a wand of charming (2)
 R - a wand of quicksilver (4)
Scrolls
 c - 8 scrolls of teleportation
 e - 2 scrolls of poison
 g - 5 scrolls of immolation
 j - a scroll of amnesia
 k - a scroll of summoning
 m - 2 scrolls of fog
 p - 2 scrolls of noise
 s - a scroll of vulnerability {unknown}
 z - a scroll of revelation {unknown}
 B - a scroll of brand weapon {unknown}
 E - 2 scrolls of blinking
 F - 4 scrolls of enchant armour
 G - a scroll of fear {unknown}
Potions
 b - 3 potions of magic
 f - a potion of mutation {unknown}
 o - 3 potions of resistance
 x - 4 potions of brilliance
 A - 2 potions of enlightenment
 J - a potion of attraction {unknown}
 O - a potion of curing
 W - a potion of heal wounds {unknown}
Miscellaneous
 U - a phial of floods


   Skills:
 + Level 8.2 Fighting
 + Level 8.2 Dodging
 - Level 3.0 Stealth
 + Level 8.2 Spellcasting
 + Level 10.5 Necromancy


You had 13 spell levels left.
You knew the following spells:

 Your Spells              Type           Power      Damage    Failure   Level
a - Necrotise             Necr           100%       1d9       1%          1
b - Vampiric Draining     Necr           58%        2d10      1%          3
c - Animate Dead          Necr           58%        N/A       1%          4
d - Curse of Agony        Necr           58%        N/A       3%          5

Your spell library contained the following spells:

 Spells                   Type           Power      Damage    Failure   Level
 Sublimation of Blood     Necr           58%        N/A       1%          2
 Fugue of the Fallen      Necr           58%        N/A       1%          3
 Cigotuvi's Dreadful Rot  Necr/Alch/Air  54%        N/A       3%          2
 Summon Small Mammal      Summ           40%        N/A       9%          1
 Scorch                   Fire           20%        2d5       13%         2
 Call Canine Familiar     Summ           10%        N/A       26%         3
 Flame Wave               Conj/Fire      10%        2d6       65%         4
 Summon Blazeheart Golem  Fire/Summ      10%        N/A       65%         4
 Summon Cactus Giant      Summ           5%         N/A       100%        6


Dungeon Overview and Level Annotations

Branches:
Dungeon (11/15)            Temple (1/1) D:6             Orc (0/2) D:10
 Bailey (visited)
   Lair: D:8-11

Altars:
Ashenzari
Cheibriados
Dithmenos
Fedhas
Gozag
Hepliaklqana
Kikubaaqudgha
Makhleb
Nemelex Xobeh
Okawaru
Qazlal
Ru
Sif Muna
Trog
Uskayaw
Vehumet
Wu Jian
Xom
Yredelemnul

Shops:
D:6 *   D:7 (   D:9 =


Innate Abilities, Weirdness & Mutations

You are completely covered in yellow scales. (AC +4, rCorr)
You are partially covered in sharp spines.
Spells you cast may paralyse nearby enemies.
You have a small tail.


Message History

The arrow closely misses you.
The centaur unwields a +0 shortbow.
The centaur hits your hell rat but does no damage.
The centaur kicks your hell rat but does no damage.
The centaur shoots an arrow.
The arrow hits you.
The centaur shoots an arrow.
The arrow hits you!
The centaur shoots an arrow.
The arrow hits you.
The centaur shoots an arrow.
The arrow barely misses you.
The centaur shoots an arrow.
The arrow hits your hell rat.
Your hell rat dies!
The centaur shoots an arrow.
The arrow misses you.
The centaur shoots an arrow.
The arrow hits you!
A river rat scurries out from under your cloak.
The centaur shoots an arrow.
The arrow hits you but does no damage.
The centaur shoots an arrow.
The arrow completely misses you.
Casting: Necrotise (safe; 1% risk of failure)
Confirm with . or Enter, or press ? or * to list all spells.
Aiming: Necrotise (safe; 1% risk of failure)
Press: ? - help, Shift-Dir - straight line, f - centaur
Aim: a centaur, wielding a +0 shortbow (chance to affect: 83%)
The centaur writhes in agony.
Malevolent energies surge around you.
The centaur shoots an arrow.
The arrow hits you but does no damage.
The centaur shoots an arrow.
The arrow closely misses you.
The centaur shoots an arrow.
The arrow closely misses you.
The centaur wields a +0 shortbow.
The centaur shoots an arrow.
The arrow hits you.
The centaur shoots an arrow.
The arrow hits you.
The centaur shoots an arrow.
The arrow hits your river rat!
The centaur shoots an arrow.
The arrow hits you but does no damage.
The centaur shoots an arrow.
The arrow hits you.
The centaur shoots an arrow.
The arrow hits your river rat.
Your river rat dies!
The centaur shoots an arrow.
The arrow misses you.
The centaur shoots an arrow.
The arrow hits you!
* * * LOW HITPOINT WARNING * * *
The centaur shoots an arrow.
The arrow hits you.
* * * LOW HITPOINT WARNING * * *
The centaur shoots an arrow.
The arrow hits you!
* * * LOW HITPOINT WARNING * * *
The centaur shoots an arrow.
The arrow hits you!
You die...
Kikubaaqudgha rasps: "You have failed me!
Welcome... death!"

#.# #.# #.# #.#
#.# #.#
.#######.#######
.......@.[......
.######.........
#.........
#...ccc...
#...cc....
#.........
#.........
#.....>...


You could see 5 centaurs.

Vanquished Creatures
  A two-headed ogre (D:8)
  A tengu warrior (D:8)
  Maurice (D:8)
  A gargoyle (Bailey)
  Maggie (D:8)
  A hornet (D:8)
  A vampire (Bailey)
  5 yaks (D:10)
  2 wyverns (D:9)
  A steam dragon (D:8)
  3 orc warriors
  2 sky beasts
  4 ice beasts
  An ogre (D:5)
  6 centaurs
  2 phantoms (D:4)
  A kobold brigand (D:8)
  5 bullfrogs
  2 scorpions
  2 gnoll sergeants
  8 wights
  13 killer bees
  8 vampire bats (Bailey)
  5 wolf zombies (Bailey)
  2 jellies
  A hound (D:6)
  4 bombardier beetles
  2 orc priests
  3 iguanas
  2 sleepcaps
  Natasha (D:3)
  12 orc wizards
  Robin (D:3)
  15 gnolls
  5 adders
  A shadow imp (D:4)
  2 white imps
  4 ufetubi
  A ribbon worm (D:5)
  3 dart slugs
  16 orcs
  11 endoplasms
  3 giant cockroaches
  4 hobgoblins
  4 jackals (D:4)
  A quokka (D:4)
  7 ball pythons
  8 bats
  4 frilled lizards
  10 goblins
  11 kobolds
  23 orc zombies (Bailey)
  2 rats
240 creatures vanquished.

Vanquished Creatures (collateral kills)
  A gnoll sergeant (D:10)
  A wolf zombie (Bailey)
  A bombardier beetle (D:4)
  2 orc wizards (D:4)
  A gnoll (D:4)
  An orc (D:4)
  2 endoplasms (D:4)
  4 goblins
  2 hobgoblins
  A kobold (D:1)
  2 rats (D:1)
18 creatures vanquished.

Grand Total: 258 creatures vanquished

Notes
Turn   | Place    | Note
-------+----------+-------------------------------------------
     0 | D:1      | PaiMei the Demonspawn Necromancer began the quest for the
                  | Orb.
     0 | D:1      | Reached XP level 1. HP: 13/13 MP: 3/3
   128 | D:1      | Gained mutation: Spells you cast may paralyse adjacent
                  | enemies. [demonic ancestry]
   128 | D:1      | Reached XP level 2. HP: 11/19 MP: 1/5
   916 | D:1      | Reached XP level 3. HP: 24/24 MP: 2/6
   920 | D:1      | Learned a level 3 spell: Vampiric Draining
  1034 | D:2      | Found the +2 ratskin cloak {*Rats rPois rN+ Str-1 Int-1
                  | Dex+1}
  1584 | D:2      | Found a faded altar of an unknown god.
  1824 | D:3      | Noticed Robin
  1938 | D:3      | Killed Robin
  2024 | D:3      | Reached skill level 5 in Necromancy
  2024 | D:3      | Gained mutation: You are partially covered in yellow
                  | scales. (AC +2) [demonic ancestry]
  2024 | D:3      | Reached XP level 4. HP: 30/30 MP: 1/8
  2155 | D:3      | You fall into a shaft and drop 1 floor!
  2858 | D:3      | Noticed Natasha
  2863 | D:3      | Killed Natasha
  2864 | D:3      | Gained mutation: You are partially covered in sharp spines.
                  | [demonic ancestry]
  2864 | D:3      | Reached XP level 5. HP: 35/35 MP: 4/9
  3354 | D:4      | Reached skill level 1 in Fighting
  3418 | D:4      | Gained mutation: You have a small tail. [demonic ancestry]
  3418 | D:4      | Reached XP level 6. HP: 43/43 MP: 4/10
  3551 | D:4      | Noticed an orc warrior
  4021 | D:4      | Reached skill level 6 in Necromancy
  4093 | D:4      | Gained mutation: Spells you cast may paralyse nearby
                  | enemies. [demonic ancestry]
  4093 | D:4      | Reached XP level 7. HP: 51/51 MP: 8/12
  4355 | D:5      | Entered Level 5 of the Dungeon
  4402 | D:5      | Learned a level 4 spell: Animate Dead
  5236 | D:5      | Gained mutation: You are mostly covered in yellow scales.
                  | (AC +3) [demonic ancestry]
  5236 | D:5      | Reached XP level 8. HP: 58/58 MP: 7/14
  6077 | D:6      | Reached skill level 7 in Necromancy
  6189 | D:6      | Identified the orb "Ineuh" {*Rage, *Corrode Dex+3}
  6375 | D:6      | Reached skill level 5 in Spellcasting
  6380 | D:6      | Reached skill level 5 in Dodging
  6484 | D:6      | Found Yjiy's Serpentskin Sales.
  6564 | D:6      | Found a sand-covered staircase.
  6699 | D:6      | Found a staircase to the Ecumenical Temple.
  6708 | Temple   | Entered the Ecumenical Temple
  7149 | D:7      | Reached skill level 5 in Fighting
  7151 | D:7      | Reached XP level 9. HP: 11/68 MP: 1/17
  7386 | D:7      | Found Kiskuim's Weapon Shoppe.
  7440 | D:7      | Reached skill level 8 in Necromancy
  8074 | D:8      | Noticed a skeletal warrior
  8074 | D:8      | Found a transporter.
  8214 | D:8      | Noticed a two-headed ogre
  8354 | D:8      | Found a transporter.
  8357 | D:8      | Found an ancient bone altar of Kikubaaqudgha.
  8359 | D:8      | Noticed a death knight
  8362 | D:8      | Noticed Maggie
  8366 | D:8      | Found a basalt altar of Yredelemnul.
  8769 | D:7      | Learned a level 5 spell: Curse of Agony
  8841 | D:8      | Killed Maggie
  8842 | D:8      | Reached skill level 9 in Necromancy
  9027 | D:8      | Noticed a tengu warrior
  9072 | D:8      | Killed a tengu warrior
  9073 | D:8      | Gained mutation: You are completely covered in yellow
                  | scales. (AC +4, rCorr) [demonic ancestry]
  9073 | D:8      | Reached XP level 10. HP: 60/77 MP: 1/20
  9199 | D:8      | Noticed Maurice
  9218 | D:8      | Something stole a ring of flight
  9220 | D:8      | Killed Maurice
  9628 | D:8      | Killed a two-headed ogre
  9925 | D:8      | Identified the ring "Asaurr" {rPois rC++ rN+ Will+ Int+6}
  9928 | D:8      | Became a worshipper of Kikubaaqudgha
 10113 | D:9      | Found Quxuaptu's Jewellery Emporium.
 10250 | D:9      | Found a stormy altar of Qazlal.
 10973 | D:10     | Entered Level 10 of the Dungeon
 10983 | D:10     | Reached skill level 10 in Necromancy
 11156 | D:10     | Reached * piety under Kikubaaqudgha
 11156 | D:10     | Received a gift from Kikubaaqudgha
 11413 | D:10     | Found a staircase to the Orcish Mines.
 11543 | D:10     | Found a flagged portal.
 11552 | Bailey   | Entered a bailey
 11823 | Bailey   | Reached ** piety under Kikubaaqudgha
 11919 | Bailey   | Noticed a gargoyle
 11929 | Bailey   | Killed a gargoyle
 12235 | Bailey   | Found the +3 hat of Pondering {ponderous, Will+ MP+10
                  | Int+5}
 12283 | Bailey   | Reached XP level 11. HP: 86/86 MP: 23/23
 12354 | Bailey   | Identified the scarf of Tartarus {shadows, *Corrode rPois
                  | Str+8}
 12668 | D:11     | HP: 4/86 [centaur/arrow (12)]
 12668 | D:11     | Shot with an arrow by a centaur

Illustrated notes

Levels and vault maps discovered:
D:1:      dpeg_arrival_radiant, layout_rooms, st_stairs_3
D:2:      layout_loops_ring, serial_forest, infiniplex_forest_join,
          infiniplex_forest_straight_2, infiniplex_forest_clump_small,
          infiniplex_forest_straight_3, infiniplex_forest_straight_3,
          infiniplex_forest_clump_curved, infiniplex_forest_lined_room_2,
          ebering_ecumenical_altar_webs
D:3:      layout_loops_corners, uniq_robin, uniq_natasha
D:4:      layout_rooms, minmay_misc_feat_pillars,
          minmay_a_box_with_orc_wizards_in_it
D:5:      layout_basic, st_stairs_12
D:6:      layout_basic, mainiacjoe_overflow_concentric_impassable,
          lemuel_temple_firewalk_b, serial_glass, glass_columns_a,
          glass_columns_a, glass_columns_c, glass_columns_c, glass_columns_c,
          glass_columns_a, enter_ossuary_3, guppyfry_shop_venom
D:7:      layout_loops_ring, amcnicky_altar_gilded, serial_shops,
          nicolae_shop_bloodbath_and_beyond
D:8:      layout_basic, gammafunk_temple_of_torment, minmay_manual_monstrance,
          uniq_maggie, uniq_maurice
D:9:      layout_cave_pools, lemuel_crystal_altar, corexii_leaking_fountain,
          minmay_shop_enchanted_jewellery
D:10:     layout_rooms, david_orc_3, enter_bailey_2, nicolae_the_louvre
D:11:     layout_small_grid, erik_lair_island
Temple:   minmay_temple_bridge_d

Skill      XL: |  1  2  3  4  5  6  7  8  9 10 |
---------------+-------------------------------+-----
Stealth        | 2 3 |  3.0
Dodging        | 2 3 4 5 7 8 |  8.2
Necromancy     | 5 6 7 9 10 | 10.5
Spellcasting   | 3 4 5 7 8 |  8.2
Fighting       | 1 2 3 5 6 8 |  8.2

Action                     |  1- 3 |  4- 6 |  7- 9 | 10-12 || total
---------------------------+-------+-------+-------+-------++-------
  Melee: Unarmed           |    23 |    55 |       |       ||    78
         Hand axe          |       |    13 |       |       ||    13
         Tailslap          |       |     4 |    11 |    16 ||    31
         Whip              |       |     4 |     1 |       ||     5
         Punch             |       |     1 |     1 |     3 ||     5
         Short sword       |       |       |    19 |       ||    19
         Demon blade       |       |       |   101 |   146 ||   247
   Cast: Necrotise         |    83 |    63 |    95 |    22 ||   263
         Vampiric Draining |       |     1 |    47 |    32 ||    80
         Curse of Agony    |       |       |     1 |     1 ||     2
  Evoke: Wand              |       |       |       |     1 ||     1
    Use: Potion            |       |       |     2 |       ||     2
         Scroll            |       |       |       |    12 ||    12
   Stab: Paralysed         |     6 |    12 |    32 |    11 ||    61
         Sleeping          |       |       |     2 |       ||     2
 Armour: Robe              |    31 |    48 |     9 |       ||    88
         Leather armour    |       |       |   108 |   162 ||   270
  Dodge: Dodged            |    35 |    47 |   122 |   163 ||   367
